HS
NOTRE DAME HS KNIGHTS @ TC ROBERSON HS RED CLAWS
03/19/2060
 
TOP OF THE 1ST
Notre Dame HS Knights batting - Pitching for TC Roberson HS Red Claws : RHP Edmond Cacciola
Pitching: RHP Edmond Cacciola
Batting: SHB Max June 0-0: Bunted foul
0-1: Ground out 5-3 (Groundball, 5S, EV 80.0 MPH)
Batting: LHB Colton Clausen 0-0: Called Strike
0-1: Foul Ball, location: 2F
0-2: Strikes out swinging
Batting: SHB Ryan Cervantes 0-0: Ball
1-0: Ball
2-0: Ball
3-0: Base on Balls
Batting: RHB Cory Munsterman 0-0: Ball
1-0: Ball
2-0: Ball
3-0: Called Strike
3-1: Fly out, F5 (Popup, 5F, EV 74.4 MPH)
Top of the 1st over - 0 runs, 0 hits, 0 errors, 1 left on base; Notre Dame HS 0 - TC Roberson HS 0
BOTTOM OF THE 1ST
TC Roberson HS Red Claws batting - Pitching for Notre Dame HS Knights : LHP Asher Blake
Pitching: LHP Asher Blake
Batting: LHB Landon Morss 0-0: Ball
1-0: Swinging Strike
1-1: Foul Ball, location: 2F
1-2: Ball
2-2: Ball
3-2: Foul Ball, location: 2F
3-2: DOUBLE (Flyball, 8LXD, EV 101.9 MPH)
Batting: LHB Isaac Robertson 0-0: Foul Ball, location: 2F
0-1: Swinging Strike
0-2: Foul Ball, location: 2F
0-2: Strikes out looking
Batting: SHB Mason Pitts 0-0: Ball
1-0: Ball
2-0: Ball
3-0: Called Strike
3-1: DOUBLE (Line Drive, 7LS, EV 99.4 MPH)
Landon Morss scores
Batting: RHB Cody Gift 0-0: Ball
1-0: Ball
Wild Pitch!
Mason Pitts to third
2-0: Called Strike
2-1: Foul Ball, location: 2F
2-2: Foul Ball, location: 2F
2-2: Strikes out swinging
Batting: LHB Sean Coney 0-0: Ball
1-0: Foul Ball, location: 2F
1-1: Foul Ball, location: 2F
1-2: Foul Ball, location: 2F
1-2: Ball
2-2: Ball
3-2: SINGLE (Line Drive, 34D, EV 94.4 MPH)
Mason Pitts scores
Batting: RHB Angel Bedeschi 0-0: Ground out U3 (Groundball, 3, EV 83.8 MPH)
Bottom of the 1st over - 2 runs, 3 hits, 0 errors, 1 left on base; Notre Dame HS 0 - TC Roberson HS 2
TOP OF THE 2ND
Notre Dame HS Knights batting - Pitching for TC Roberson HS Red Claws : RHP Edmond Cacciola
Batting: LHB Max Ray 0-0: Ball
1-0: Fly out, F7 (Flyball, 78M, EV 85.0 MPH)
Batting: RHB Logan Goines 0-0: Ball
1-0: Ball
2-0: Foul Ball, location: 2F
2-1: Ball
3-1: Foul Ball, location: 2F
3-2: Fly out, F7 (Flyball, 78S, EV 78.1 MPH)
Batting: SHB Roman Reeves 0-0: Fly out, F9 (Flyball, 9LS, EV 88.1 MPH)
Top of the 2nd over - 0 runs, 0 hits, 0 errors, 0 left on base; Notre Dame HS 0 - TC Roberson HS 2
BOTTOM OF THE 2ND
TC Roberson HS Red Claws batting - Pitching for Notre Dame HS Knights : LHP Asher Blake
Batting: RHB Irvin Crawford 0-0: Ball
1-0: Called Strike
1-1: Foul Ball, location: 2F
1-2: Ball
2-2: Ball
3-2: Strikes out looking
Batting: RHB Kyle Martin 0-0: Swinging Strike
0-1: Ball
1-1: Foul Ball, location: 2F
1-2: Ball
2-2: Fly out, F7 (Flyball, 78M, EV 91.9 MPH)
Batting: RHB Damion Chandler 0-0: Ball
1-0: Swinging Strike
1-1: Ball
2-1: Ball
3-1: Base on Balls
Batting: LHB Landon Morss 0-0: Ball
1-0: Ball
2-0: Ball
3-0: Called Strike
3-1: Foul Ball, location: 2F
3-2: Ground out 4-3 (Groundball, 13, EV 87.5 MPH)
Bottom of the 2nd over - 0 runs, 0 hits, 0 errors, 1 left on base; Notre Dame HS 0 - TC Roberson HS 2
TOP OF THE 3RD
Notre Dame HS Knights batting - Pitching for TC Roberson HS Red Claws : RHP Edmond Cacciola
Batting: RHB Samuel Jackson 0-0: Ground out 6-3 (Groundball, 6S, EV 79.4 MPH)
Batting: RHB Ishmael Andersen 0-0: Foul Ball, location: 2F
0-1: Ball
1-1: Foul Ball, location: 2F
1-2: Ball
2-2: Ball
3-2: Base on Balls
Batting: SHB Max June 0-0: Swinging Strike
0-1: Ball
1-1: Ball
2-1: Ball
3-1: Foul Ball, location: 2F
3-2: Foul Ball, location: 2F
3-2: SINGLE (Line Drive, 9LS, EV 91.9 MPH)
Ishmael Andersen to second
Batting: LHB Colton Clausen 0-0: Ball
1-0: Foul Ball, location: 2F
1-1: Swinging Strike
1-2: Ball
2-2: Ball
3-2: Foul Ball, location: 2F
3-2: Base on Balls
Ishmael Andersen to third
Max June to second
Batting: SHB Ryan Cervantes 0-0: Ball
1-0: Foul Ball, location: 2F
1-1: Fly out, F8 (Flyball, 78M, EV 87.5 MPH)
Batting: RHB Cory Munsterman 0-0: Called Strike
0-1: Ball
1-1: Foul Ball, location: 2F
1-2: Ball
2-2: Strikes out looking
Top of the 3rd over - 0 runs, 1 hit, 0 errors, 3 left on base; Notre Dame HS 0 - TC Roberson HS 2
BOTTOM OF THE 3RD
TC Roberson HS Red Claws batting - Pitching for Notre Dame HS Knights : LHP Asher Blake
Batting: LHB Isaac Robertson 0-0: Swinging Strike
0-1: Ball
1-1: Ball
2-1: Foul Ball, location: 2F
2-2: Ball
3-2: SOLO HOME RUN (Flyball, 9D, EV 100.0 MPH), Distance : 388 ft
Batting: SHB Mason Pitts 0-0: Ball
1-0: Called Strike
1-1: Ball
2-1: Ball
3-1: SINGLE (Line Drive, 89M, EV 110.6 MPH)
Batting: RHB Cody Gift 0-0: Ball
1-0: Called Strike
1-1: Ball
2-1: Ball
3-1: Base on Balls
Mason Pitts to second
Batting: LHB Sean Coney 0-0: Ball
1-0: Swinging Strike
1-1: Foul Ball, location: 2F
1-2: Strikes out swinging
Batting: RHB Angel Bedeschi 0-0: Ball
1-0: Ball
2-0: Ball
3-0: Base on Balls
Mason Pitts to third
Cody Gift to second
Pitching: RHP Frey Mori
Batting: RHB Irvin Crawford 0-0: Ball
1-0: Ball
2-0: Ball
3-0: Base on Balls
Mason Pitts scores
Cody Gift to third
Angel Bedeschi to second
Batting: RHB Kyle Martin 0-0: Ball
1-0: Swinging Strike
1-1: SINGLE (Line Drive, 4MD, EV 103.8 MPH)
Cody Gift scores
Angel Bedeschi to third
Irvin Crawford to second
Runner from 3rd tries for Home, throw by CF and OUT! 8-2
Batting: RHB Damion Chandler 0-0: Called Strike
0-1: Ball
1-1: Foul Ball, location: 2F
1-2: Ball
2-2: Foul Ball, location: 2F
2-2: Strikes out swinging
Bottom of the 3rd over - 3 runs, 3 hits, 0 errors, 2 left on base; Notre Dame HS 0 - TC Roberson HS 5
TOP OF THE 4TH
Notre Dame HS Knights batting - Pitching for TC Roberson HS Red Claws : RHP Edmond Cacciola
Batting: LHB Max Ray 0-0: Ball
1-0: Foul Ball, location: 2F
1-1: Ball
2-1: DOUBLE (Line Drive, 8LXD, EV 105.6 MPH)
Batting: RHB Logan Goines 0-0: Ball
1-0: Ball
2-0: Ball
3-0: Called Strike
3-1: Called Strike
3-2: Base on Balls
Batting: SHB Roman Reeves 0-0: Ball
1-0: Ball
2-0: Called Strike
2-1: Ball
3-1: Called Strike
3-2: Strikes out looking
Batting: RHB Samuel Jackson 0-0: Called Strike
0-1: Ball
1-1: Ball
2-1: DOUBLE (Line Drive, 3D, EV 110.6 MPH)
Max Ray scores
Logan Goines to third
Batting: RHB Ishmael Andersen 0-0: Ball
1-0: Ball
Wild Pitch!
Logan Goines scores
Samuel Jackson to third
2-0: Fly out, F9 (Flyball, 89D, EV 91.9 MPH)
Runner from 3rd tags up, SCORES, throw by RF
Batting: SHB Max June 0-0: SINGLE (Line Drive, 9S, EV 91.9 MPH)
Pitching: LHP Josiah Justen
Batting: LHB Colton Clausen Balk!
Max June to second
0-0: Swinging Strike
0-1: Called Strike
0-2: Ground out 1-3 (Groundball, 15S, EV 64.4 MPH)
Top of the 4th over - 3 runs, 3 hits, 0 errors, 1 left on base; Notre Dame HS 3 - TC Roberson HS 5
BOTTOM OF THE 4TH
TC Roberson HS Red Claws batting - Pitching for Notre Dame HS Knights : RHP Frey Mori
Batting: LHB Landon Morss 0-0: Foul Ball, location: 2F
0-1: Foul Ball, location: 2F
0-2: Ground out 4-3 (Groundball, 4, EV 86.2 MPH)
Batting: LHB Isaac Robertson 0-0: Swinging Strike
0-1: Ball
1-1: Fly out, F8 (Flyball, 8LS, EV 97.5 MPH)
Batting: SHB Mason Pitts 0-0: Ball
1-0: SINGLE (Groundball, 34D, EV 108.8 MPH)
Batting: RHB Cody Gift 0-0: Fly out, F9 (Flyball, 9LD, EV 110.6 MPH)
Bottom of the 4th over - 0 runs, 1 hit, 0 errors, 1 left on base; Notre Dame HS 3 - TC Roberson HS 5
TOP OF THE 5TH
Notre Dame HS Knights batting - Pitching for TC Roberson HS Red Claws : LHP Josiah Justen
Batting: SHB Ryan Cervantes 0-0: Ball
1-0: Foul Ball, location: 2F
1-1: Ball
2-1: Called Strike
2-2: Ball
3-2: Strikes out looking
Batting: RHB Cory Munsterman 0-0: Called Strike
0-1: Ball
1-1: Swinging Strike
1-2: Foul Ball, location: 2F
1-2: Foul Ball, location: 2F
1-2: Fly out, F7 (Flyball, 78S, EV 84.4 MPH)
Batting: LHB Max Ray 0-0: Ball
1-0: Ball
2-0: Swinging Strike
2-1: SINGLE (Line Drive, 7LS, EV 100.6 MPH)
Batting: RHB Logan Goines 0-0: Ball
1-0: Ball
2-0: SINGLE (Groundball, 6D, EV 103.1 MPH)
Max Ray to second
Batting: SHB Roman Reeves 0-0: Ball
1-0: Ball
2-0: Foul Ball, location: 2F
2-1: Swinging Strike
2-2: Foul Ball, location: 2F
2-2: Ball
3-2: Foul Ball, location: 2F
3-2: SINGLE (Line Drive, 78S, EV 91.2 MPH)
Max Ray to third
Logan Goines to second
Max Ray scores
Logan Goines to third
Batting: RHB Samuel Jackson 0-0: Ball
1-0: Called Strike
1-1: Swinging Strike
1-2: Ball
2-2: Strikes out swinging
Top of the 5th over - 1 run, 3 hits, 0 errors, 2 left on base; Notre Dame HS 4 - TC Roberson HS 5
BOTTOM OF THE 5TH
TC Roberson HS Red Claws batting - Pitching for Notre Dame HS Knights : RHP Frey Mori
Batting: LHB Sean Coney 0-0: Called Strike
0-1: Ball
1-1: Fly out, F8 (Flyball, 8LD, EV 95.6 MPH)
Batting: RHB Angel Bedeschi 0-0: Swinging Strike
0-1: Swinging Strike
0-2: Ball
1-2: Foul Ball, location: 2F
1-2: Strikes out swinging
Batting: RHB Irvin Crawford 0-0: Ball
1-0: Ball
2-0: Ball
3-0: Called Strike
3-1: Swinging Strike
3-2: Fly out, F7 (Flyball, 7S, EV 88.1 MPH)
Bottom of the 5th over - 0 runs, 0 hits, 0 errors, 0 left on base; Notre Dame HS 4 - TC Roberson HS 5
TOP OF THE 6TH
Notre Dame HS Knights batting - Pitching for TC Roberson HS Red Claws : LHP Josiah Justen
Batting: RHB Ishmael Andersen 0-0: Ball
1-0: Called Strike
1-1: Called Strike
1-2: Ground out 5-3 (Groundball, 56S, EV 88.8 MPH)
Batting: SHB Max June 0-0: Ball
1-0: Foul Ball, location: 2F
1-1: Foul Ball, location: 2F
1-2: Ball
2-2: Strikes out swinging
Batting: LHB Colton Clausen 0-0: Ground out U3 (Groundball, 3, EV 77.5 MPH)
Top of the 6th over - 0 runs, 0 hits, 0 errors, 0 left on base; Notre Dame HS 4 - TC Roberson HS 5
BOTTOM OF THE 6TH
TC Roberson HS Red Claws batting - Pitching for Notre Dame HS Knights : RHP Frey Mori
Batting: RHB Kyle Martin 0-0: Ball
1-0: Ball
2-0: Foul Ball, location: 2F
2-1: Ball
3-1: Base on Balls
Batting: RHB Damion Chandler 0-0: Called Strike
0-1: Foul Ball, location: 2F
0-2: Ball
1-2: Ground out 6-3 (Groundball, P, EV 85.0 MPH)
Kyle Martin to second
Batting: LHB Landon Morss 0-0: Ball
1-0: SINGLE (Flyball, 78S, EV 84.4 MPH)
Kyle Martin to third
Batting: LHB Isaac Robertson 0-0: Ball
Landon Morss is caught stealing 2nd base 2-6
1-0: Ball
2-0: Ball
3-0: Called Strike
3-1: Base on Balls
Pitching: LHP Glen Conley
Batting: SHB Mason Pitts 0-0: Ball
1-0: Ball
2-0: Ball
3-0: Called Strike
3-1: Base on Balls
Isaac Robertson to second
Batting: RHB Cody Gift 0-0: Ball
1-0: Called Strike
1-1: Foul Ball, location: 2F
1-2: Foul Ball, location: 2F
1-2: Strikes out swinging
Bottom of the 6th over - 0 runs, 1 hit, 0 errors, 3 left on base; Notre Dame HS 4 - TC Roberson HS 5
TOP OF THE 7TH
Notre Dame HS Knights batting - Pitching for TC Roberson HS Red Claws : LHP Josiah Justen
Batting: SHB Ryan Cervantes 0-0: Swinging Strike
0-1: Swinging Strike
0-2: Strikes out swinging
Batting: RHB Cory Munsterman 0-0: Ball
1-0: Ball
2-0: Ball
3-0: Called Strike
3-1: Foul Ball, location: 2F
3-2: Foul Ball, location: 2F
3-2: Fly out, F7 (Flyball, 7D, EV 99.4 MPH)
Pinch Hitting: RHB Collin Lambert 0-0: Ball
1-0: Called Strike
1-1: Fly out, F4 (Popup, 4MD, EV 66.9 MPH)
Top of the 7th over - 0 runs, 0 hits, 0 errors, 0 left on base; Notre Dame HS 4 - TC Roberson HS 5
BOTTOM OF THE 7TH
TC Roberson HS Red Claws batting - Pitching for Notre Dame HS Knights : LHP Glen Conley
Now in RF: Tom Jong
Batting: LHB Sean Coney 0-0: Ground out 5-3 (Groundball, 56, EV 88.8 MPH)
Batting: RHB Angel Bedeschi 0-0: Ball
1-0: Swinging Strike
1-1: Ball
2-1: Foul Ball, location: 2F
2-2: Ball
3-2: Ground out 6-3 (Groundball, 6MD, EV 87.5 MPH)
Batting: RHB Irvin Crawford 0-0: Called Strike
0-1: Foul Ball, location: 2F
0-2: SOLO HOME RUN (Flyball, 7D, EV 98.1 MPH), Distance : 376 ft
Batting: RHB Kyle Martin 0-0: Called Strike
0-1: Ball
1-1: Called Strike
1-2: Foul Ball, location: 2F
1-2: Ball
2-2: Fly out, F8 (Flyball, 8RM, EV 76.2 MPH)
Bottom of the 7th over - 1 run, 1 hit, 0 errors, 0 left on base; Notre Dame HS 4 - TC Roberson HS 6
TOP OF THE 8TH
Notre Dame HS Knights batting - Pitching for TC Roberson HS Red Claws : LHP Josiah Justen
Pitching: LHP Pat Hayes
Batting: RHB Logan Goines 0-0: Ball
1-0: Ball
2-0: Foul Ball, location: 2F
2-1: Hit by Pitch
Batting: SHB Roman Reeves 0-0: Called Strike
0-1: Ball
1-1: Foul Ball, location: 2F
1-2: Ball
2-2: SINGLE (Flyball, 7LS, EV 85.0 MPH)
Logan Goines to second
Batting: RHB Samuel Jackson 0-0: Ball
1-0: Bunted foul
1-1: Bunted foul
1-2: Foul Ball, location: 2F
1-2: Fielders Choice at 2nd, 1-6 (Groundball, 13S, EV 66.2 MPH)
Logan Goines to third
Pinch Hitting: RHB Cameron Morris 0-0: Swinging Strike
0-1: Swinging Strike
0-2: Ball
1-2: Foul Ball, location: 2F
1-2: Strikes out swinging
Batting: SHB Max June 0-0: Called Strike
0-1: Ball
1-1: Foul Ball, location: 2F
1-2: Strikes out swinging
Top of the 8th over - 0 runs, 1 hit, 0 errors, 2 left on base; Notre Dame HS 4 - TC Roberson HS 6
BOTTOM OF THE 8TH
TC Roberson HS Red Claws batting - Pitching for Notre Dame HS Knights : LHP Glen Conley
Now at C: Grandy Seema
Batting: RHB Damion Chandler 0-0: Called Strike
0-1: Called Strike
0-2: Strikes out swinging
Batting: LHB Landon Morss 0-0: Ball
1-0: Foul Ball, location: 2F
1-1: Ball
2-1: Ball
3-1: Ground out 6-3 (Groundball, P, EV 87.5 MPH)
Batting: LHB Isaac Robertson 0-0: Ball
1-0: Foul Ball, location: 2F
1-1: Called Strike
1-2: Ball
2-2: Foul Ball, location: 2F
2-2: Ball
3-2: Base on Balls
Batting: SHB Mason Pitts 0-0: Fly out, F9 (Flyball, 9D, EV 78.8 MPH)
Bottom of the 8th over - 0 runs, 0 hits, 0 errors, 1 left on base; Notre Dame HS 4 - TC Roberson HS 6
TOP OF THE 9TH
Notre Dame HS Knights batting - Pitching for TC Roberson HS Red Claws : LHP Pat Hayes
Pitching: LHP Darin Carter
Now at 1B: Keith Fisher
Batting: LHB Colton Clausen 0-0: Ball
1-0: Fly out, F7 (Flyball, 7S, EV 80.0 MPH)
Batting: SHB Ryan Cervantes 0-0: Foul Ball, location: 2F
0-1: Ball
1-1: Ball
2-1: Ball
3-1: Base on Balls
Batting: RHB Cory Munsterman 0-0: Called Strike
0-1: Ball
1-1: Ball
2-1: Called Strike
2-2: Strikes out swinging
Batting: LHB Tom Jong 0-0: Called Strike
0-1: Ball
1-1: Ball
2-1: Ball
3-1: SINGLE (Groundball, 4MD, EV 100.6 MPH)
Ryan Cervantes to second
Batting: RHB Logan Goines 0-0: Called Strike
0-1: Ground out 5-3 (Groundball, 56S, EV 68.1 MPH)
Top of the 9th over - 0 runs, 1 hit, 0 errors, 2 left on base; Notre Dame HS 4 - TC Roberson HS 6
Wednesday, April 17th , 2024 - OOTP Baseball 23.10 Build 110